 Dungeon Crawl Stone Soup version 0.31-a0-426-g3a05650e59 (webtiles) character file.

Game seed: 14021671536814816413

1213 floatRand the Grappler (level 8, -3/59 HPs)
             Began as a Purple Draconian Shapeshifter on July 30, 2023.
             Was an Initiate of Wu Jian.
             Slain by an ogre
             ... wielding a +0 giant club
              (27 damage)
             ... on level 4 of the Dungeon.
             The game lasted 00:04:46 (4890 turns).

floatRand the Grappler (DrSh)                       Turns: 4890, Time: 00:04:47

Health: -3/59      AC:  6    Str: 19    XL:     8   Next: 22%
Magic:  8/8        EV: 12    Int:  8    God:    Wu Jian [......]
Gold:   254        SH:  0    Dex: 13    Spells: 7/7 levels left

rFire   . .          .
                       - Unarmed
rCold   . . .        (no shield)
rNeg    . . .        (body armour unavailable)
rPois   .            (helmet currently unavailable)
rElec   .            (cloak currently unavailable)
rCorr   .            (gloves currently unavailable)
SInv    .            (boots currently unavailable)
Will    +....        (no amulet)
Stlth   +            (no ring)
HPRegen 0.29/turn    (no ring)
MPRegen 0.11/turn

%: no passive effects
@: beast-form
A: beast (slay +3), breathe power, AC +6, unfitting armour, cold-blooded
a: Breathe Dispelling Energy, Begin Untransformation, Renounce Religion


You were on level 4 of the Dungeon.
You worshipped Wu Jian.
Wu Jian was noncommittal.
You were a hulking beast.
You visited 2 branches of the dungeon, and saw 7 of its levels.

You collected 254 gold pieces.

Inventory:

Armour
 p - a +0 pair of boots
 w - a +1 pair of boots
Jewellery
 c - an amulet of reflection
 e - a +6 ring of dexterity
 A - a ring of resist corrosion
Talismans
 b - a beast talisman (active)
 o - a serpent talisman
 v - a maw talisman
Wands
 y - a wand of light (10)
Scrolls
 d - 5 scrolls of enchant armour {unknown}
 g - 5 scrolls of identify {unknown}
 h - 3 scrolls of teleportation {unknown}
 j - 2 scrolls of noise {unknown}
 k - 2 scrolls of vulnerability {unknown}
 l - 3 scrolls of poison {unknown}
 n - 2 scrolls of blinking {unknown}
 t - a scroll of enchant weapon {unknown}
 x - 4 scrolls of immolation {unknown}
Potions
 a - 3 potions of curing {unknown}
 f - a potion of enlightenment {unknown}
 i - 2 potions of invisibility {unknown}
 m - 2 potions of heal wounds {unknown}
 q - a potion of mutation {unknown}
 r - a potion of berserk rage {unknown}
 s - 2 potions of might {unknown}
 u - a potion of cancellation {unknown}
 z - a potion of lignification


   Skills:
 - Level 1.1 Fighting
 - Level 1.7 Dodging
 * Level 8.6 Unarmed Combat
 + Level 5.6 Shapeshifting


You had 7 spell levels left.
You didn't know any spells.
Your spell library contained the following spells:

 Spells                   Type           Power      Damage    Failure   Level
 Apportation              Tloc           0%         N/A       41%         1
 Magic Dart               Conj           0%         1d3       41%         1
 Shock                    Conj/Air       0%         1d3       41%         1
 Call Imp                 Summ           0%         N/A       54%         2
 Ignite Poison            Fire/Tmut/Pois 0%         N/A       78%         3
 Mephitic Cloud           Conj/Pois/Air  0%         N/A       78%         3
 Portal Projectile        Hex/Tloc       0%         N/A       78%         3
 Swiftness                Air            0%         N/A       78%         3
 Tukima's Dance           Hex            0%         N/A       78%         3
 Vhi's Electric Charge    Tloc/Air       0%         N/A       78%         3
 Airstrike                Air            0%         2d(0-16)  99%         4
 Iskenderun's Mystic Bla  Conj/Tloc      0%         2d3       99%         4
 Sticky Flame             Conj/Fire      0%         2d3       99%         4
 Alistair's Intoxication  Tmut/Pois      0%         N/A       100%        5
 Arcjolt                  Conj/Air       0%         1d10      100%        5
 Ignition                 Fire           0%         3d3       100%        8
 Maxwell's Capacitive Co  Air            0%         ∞         100%        8


Dungeon Overview and Level Annotations

Branches:
Dungeon (6/15)             Temple (1/1) D:4

Altars:
Cheibriados
Dithmenos
Fedhas
Gozag
Hepliaklqana
Makhleb
Nemelex Xobeh
Okawaru
Ru
Sif Muna
Trog
Uskayaw
Vehumet
Wu Jian
Xom
Zin
The Shining One


Innate Abilities, Weirdness & Mutations

You are a hulking beast.
Your limbs bulge with bestial killing power. (Slay +3)
You can breathe bolts of dispelling energy.
Your rich purple scales are hard. (AC +6)
You cannot fit into any form of body armour.
You are cold-blooded and may be slowed by cold attacks.


Message History

The sleepcap is severely damaged.
The sleepcap closely misses you.
You hit the sleepcap. You tail-slap the sleepcap.
The sleepcap is almost destroyed.
The sleepcap releases spores at you.
You are engulfed in a cloud of soporific spores!
You fall asleep.
The sleepcap releases spores at you.
You wake up.
You are engulfed in a cloud of soporific spores!
You are unaffected.
You hit the sleepcap but do no damage.
The sleepcap is almost destroyed.
The sleepcap releases spores at you but does no damage.
You punch the sleepcap!
You destroy the sleepcap!
The Council accepts your kill.
HP restored.
An ogre comes into view. It is wielding a +0 giant club.
The ogre shouts!
An orc comes into view. It is wielding a +0 flail.
There are monsters nearby!
There are monsters nearby!
There are monsters nearby!
You hit the ogre.
The ogre is lightly wounded.
The ogre hits you with a +0 giant club!
Unknown command.
You punch the ogre!
The ogre is moderately wounded.
Unknown command.
You barely miss the ogre.
The ogre is moderately wounded.
The ogre hits you with a +0 giant club!!
Unknown command.
You barely miss the ogre.
The ogre is moderately wounded.
You punch the ogre!
The ogre is severely wounded.
The ogre hits you with a +0 giant club!!
You die...

#.# #.# #.# #.#
#####.############
.....>...........#
#####.##########.#
......[....# #.#
.####.####.# #h#
.# #.# #.# #O# .#
#.# #.# #.# .# #.#
#.# #.# .# #.# #.#
#.# .# #.# #.# #.#
+####.# #.#####.#
...##.####.......#
........).####.###


You could see an ogre.

Vanquished Creatures
  Eustachio (D:5)
  A black bear (D:5)
  An ogre (D:4)
  2 scorpions
  2 howler monkeys
  3 hounds
  3 orc priests
  A sleepcap (D:4)
  A jelly (D:4)
  Jessica (D:2)
  5 iguanas
  An orc wizard (D:5)
  Robin (D:1)
  3 gnolls (D:5)
  9 adders
  A shadow imp (D:6)
  5 worms
  7 dart slugs
  6 orcs
  14 ball pythons
  5 endoplasms
  8 giant cockroaches
  15 goblins
  15 hobgoblins
  2 jackals (D:4)
  8 quokkas
  6 bats
  2 frilled lizards
  8 kobolds
  4 rats
141 creatures vanquished.

Notes
Turn   | Place    | Note
-------+----------+-------------------------------------------
     0 | D:1      | floatRand the Draconian Shapeshifter began the quest for
                  | the Orb.
     0 | D:1      | Reached XP level 1. HP: 16/16 MP: 1/1
   151 | D:1      | Reached XP level 2. HP: 19/23 MP: 2/2
   201 | D:1      | Found a faded altar of an unknown god.
   546 | D:1      | Reached XP level 3. HP: 25/28 MP: 3/3
   762 | D:1      | Reached skill level 4 in Unarmed Combat
  1009 | D:2      | Reached XP level 4. HP: 31/35 MP: 4/4
  1022 | D:2      | Noticed Robin
  1057 | D:1      | Killed Robin
  1148 | D:2      | Noticed Jessica
  1155 | D:2      | Killed Jessica
  1237 | D:2      | Reached skill level 5 in Unarmed Combat
  1237 | D:2      | Reached XP level 5. HP: 34/40 MP: 5/5
  1981 | D:3      | Found a burning altar of Makhleb.
  1984 | D:3      | Noticed a balrug
  1987 | D:3      | Found a glowing silver altar of Zin.
  1987 | D:3      | Noticed an angel
  2837 | D:4      | You fall into a shaft and drop 2 floors!
  2866 | D:5      | Entered Level 5 of the Dungeon
  2872 | D:5      | Reached XP level 6. HP: 42/47 MP: 6/6
  2888 | D:5      | Reached skill level 6 in Unarmed Combat
  3111 | D:5      | Noticed Eustachio
  3129 | D:5      | Killed Eustachio
  3130 | D:5      | Your scales start taking on a rich purple colour.
  3130 | D:5      | Reached XP level 7. HP: 36/52 MP: 7/7
  3205 | D:5      | Reached skill level 7 in Unarmed Combat
  3475 | D:5      | Reached skill level 5 in Shapeshifting
  3834 | D:5      | Identified the +0 plate armour of Polish {+Inv rF+ Will+
                  | Str-2}
  4167 | D:4      | Reached skill level 8 in Unarmed Combat
  4206 | D:4      | Reached XP level 8. HP: 49/59 MP: 8/8
  4231 | D:4      | Found a hide-covered altar of Uskayaw.
  4482 | D:4      | Found a staircase to the Ecumenical Temple.
  4496 | Temple   | Entered the Ecumenical Temple
  4625 | Temple   | Became a worshipper of the Wu Jian Council
  4890 | D:4      | Slain by an ogre

Illustrated notes

Levels and vault maps discovered:
D:1:      ncdulo_wetmaze, layout_basic, nicolae_ecumenical_snake_handling
D:2:      layout_rooms, serial_glass, glass_columns_b, glass_columns_b,
          uniq_robin, uniq_jessica
D:3:      minmay_recursive_quarters, layout_loops_corners,
          grunt_temple_overflow_order_and_chaos_2
D:4:      dreamdust_elfheim, layout_basic, lemuel_coloured_pillars_altar,
          mainiacjoe_overflow_alcove_1, minmay_temple_entry_proselytizer
D:5:      layout_rooms, uniq_eustachio
D:6:      layout_basic
Temple:   nicolae_temple_superstar

Skill      XL: |  1  2  3  4  5  6  7 |
---------------+----------------------+-----
Unarmed Combat | 4 5 6 8 |  8.6
Shapeshifting  | 4 5 |  5.6
Fighting       | |  1.1
Dodging        | |  1.7

Action                     |  1- 3 |  4- 6 |  7- 9 || total
---------------------------+-------+-------+-------++-------
  Melee: Unarmed           |    99 |   201 |    95 ||   395
         Tailslap          |     7 |    26 |    15 ||    48
         Punch             |     2 |     9 |     5 ||    16
Ability: Breathe Dispellin |       |       |     1 ||     1
         Lunge             |       |       |     1 ||     1
    Use: Potion            |       |     1 |       ||     1
   Stab: Sleeping          |     1 |     2 |       ||     3
 Armour: Skin              |    31 |    59 |    40 ||   130
  Dodge: Dodged            |    64 |    99 |    48 ||   211

Table legend: (Time is in decaauts)
 A = Elapsed time spent in this place.
 B = Non-inter-level travel time spent in this place.
 C = Inter-level travel time spent in this place.
 D = Time resting spent in this place.
 E = Time spent auto-exploring this place.
 F = Levels seen in this place.
 G = Mean time per level.
                   A        B        C        D        E       F      G
               +--------+--------+--------+--------+--------+-----+--------+
         Total |   4857 |   4753 |    104 |    772 |   2717 |   7 |  693.9 |
       Dungeon |   4698 |   4594 |    104 |    672 |   2717 |   6 |  783.0 |
        Temple |    158 |    158 |      0 |    100 |      0 |   1 |  158.0 |
               +--------+--------+--------+--------+--------+-----+--------+

Top non-repeatable levels by time:
     D:3: 1229 daAuts
     D:5: 1035 daAuts
     D:1: 937 daAuts
     D:4: 776 daAuts
     D:2: 580 daAuts
  Temple: 158 daAuts
     D:6: 139 daAuts
